AoeStats
← mostazasiwa

Black Forest

505231324Analyzed
1v1 RM · 24d ago on Sep 8, 2026· 48m 35s· 2 players
Game mode
Random Map
Map size
Tiny (2 player)
Population
200
Speed
Normal
Resources
Standard
Victory
Conquest
Starting age
Dark Age
Ending age
Imperial Age
RankedLock teamsTeams togetherTeam positionsShared explorationLock speedFull tech treeHidden civsTurbo modeCheats
Victory
Defeat
🇮🇳 Turks · India
729
+16
🇪🇸 Persians · Spain
730
-16
crazyfrog
10:20 Loom
14:02 Feudal Age
17:11 Horse Collar
17:19 Double-Bit Axe
20:15 Castle Age
21:13 Heavy Plow
21:24 Bow Saw
22:11 Wheelbarrow
24:42 Stone Mining
26:24 Gold Mining
31:36 Imperial Age
33:29 Fletching
33:41 Padded Archer Armor
33:52 Forging
39:57 Fortified Wall
39:45 Murder Holes
40:10 Ballistics
40:11 Bombard Tower
41:33 Bodkin Arrow
42:14 Iron Casting
41:45 Scale Barding Armor
42:48 Two-Man Saw
44:34 Artillery
44:54 Sipahi
mostazasiwa
5:19 Loom
12:17 Feudal Age
13:54 Wheelbarrow
13:04 Horse Collar
13:12 Double-Bit Axe
13:31 Gold Mining
21:28 Castle Age
19:40 Stone Mining
20:34 Scale Barding Armor
20:55 Forging
22:34 Hand Cart
22:23 Heavy Plow
25:05 Bow Saw
27:46 Kamandaran
27:40 Pikeman
31:16 Crossbowman
32:50 Padded Archer Armor
32:40 Fletching
33:13 Thumb Ring
33:47 Iron Casting
33:21 Light Cavalry
34:13 Bloodlines
34:19 Bodkin Arrow
34:43 Murder Holes
40:57 Imperial Age
42:13 Chemistry
41:28 Capped Ram
43:33 Citadels
45:30 Onager
46:48 Husbandry
Connection lost

Rejoining the realm…

Still unreachable

The connection could not be restored.

Session expired

The server has moved on; the page needs a fresh start.